 Dungeon Crawl Stone Soup version 0.21-a0-78-g82a99e0 (webtiles) character file.

64 kuniqs the Skirmisher (level 4, -2/24 HPs)
             Began as a Vine Stalker Fighter on June 21, 2017.
             Slain by Terence
             ... wielding a +7 hand axe of flaming
              (6 damage)
             ... on level 2 of the Dungeon.
             The game lasted 00:03:05 (2375 turns).

kuniqs the Skirmisher (Vine Stalker Fighter)        Turns: 2375, Time: 00:03:05

Health: -2/24      AC:  6    Str: 17 (19) XL:     4   Next: 12%
Magic:  0/5        EV:  7    Int:  7 (8)  God:
Gold:   136        SH: 10    Dex: 12 (14) Spells: 3/3 levels left

rFire    . . .     SeeInvis .   a - +0 rapier
rCold    . . .     Gourm    .   c - +1 shield
rNeg     . . .     Faith    .   b - +0 scale mail
rPois    .         Spirit   +   (no helmet)
rElec    .         Reflect  .   (no cloak)
rCorr    .         Harm     .   (no gloves)
MR       .....                  (no boots)
Stlth    ..........             (no amulet)
HPRegen  0.48/turn              (no ring)
MPRegen  0.09/turn              (no ring)

@: no status effects
A: fangs 2, high mp 1, sense surroundings 1, regeneration 1, magic shield,
antimagic bite, no potion heal 3, rot immunity
a: no special abilities


You were on level 2 of the Dungeon.
You were hungry.

You visited 1 branch of the dungeon, and saw 3 of its levels.

You collected 136 gold pieces.

Inventory:

Hand Weapons
 a - a +0 rapier (weapon)
Armour
 b - a +0 scale mail (worn)
 c - a +1 shield (worn)
Jewellery
 r - an uncursed ring of poison resistance {unknown}
Scrolls
 e - a scroll of amnesia
 i - 3 scrolls of identify {@r1}
 j - a scroll of blinking
 k - a scroll of teleportation
 l - a scroll of enchant armour
 m - a scroll of random uselessness {unknown}
 q - a scroll of fear {unknown}
Potions
 n - a potion of haste
 o - a potion of mutation
 p - a potion of might
Comestibles
 d - a bread ration
 f - 3 fruits


   Skills:
 + Level 3.1 Fighting
 + Level 2.4 Short Blades
 + Level 2.7 Armour
 + Level 0.8 Dodging
 * Level 3.1 Shields


You had 3 spell levels left.
You didn't know any spells.

Dungeon Overview and Level Annotations

Branches:
Dungeon (3/15)

Altars:
Cheibriados
Zin

Annotations:
D:2 1 exclusion, Terence


Innate Abilities, Weirdness & Mutations

You have extremely sharp teeth.
Your natural rate of healing is unusually fast.
When hurt, damage is shared between your health and your magic reserves.
Your bite disrupts and absorbs the magic of your enemies.
Potions cannot restore your health.
You are immune to rotting.
You have an increased reservoir of magic. (+10% MP)
You passively map a small area around you.


Message History

You hit Terence but do no damage. Your bite misses Terence.
Terence hits you with a hand axe of flaming.
Terence burns you.
You are too injured to fight recklessly!
Terence says, "Did you write a will?
You should..."
You block Terence's attack.
You hit Terence.
Terence hits you with a hand axe of flaming.
Terence burns you.
You hit Terence. Your bite misses Terence. Terence barely misses you.
You hit Terence.
Terence hits you with a hand axe of flaming.
Terence burns you.
You hit Terence but do no damage.
Terence hits you with a hand axe of flaming!
* * * LOW HITPOINT WARNING * * *
Terence burns you.
* * * LOW HITPOINT WARNING * * *
Terence hits you with a hand axe of flaming!
You die...

#.....# #.# ##.....##
#...### #.# ##...##
##.## #.# ##'## #.#
###.## #.# #.# #....###
#.# #.# #.#....# ##.##
#####.# #.##@#.#
##...## ......#
#@##.#.# #.....##
####### ###@##.#.#
##...... #......#.#
##.####
####.######.######.###.
######....#
#..>.........
##.........#
########.####
##...####...## ###.####
#..###..###..# #......#
#.##......##.# #.#.....
#.....##.....# #.#.##.#


You could see Terence.

Vanquished Creatures
  2 adders (D:2)
  A dart slug (D:1)
  A leopard gecko (D:2)
  4 giant cockroaches
  8 goblins
  2 hobgoblins
  4 jackals (D:1)
  2 quokkas (D:2)
  A ball python (D:1)
  5 bats
  8 kobolds
  5 rats
43 creatures vanquished.

Notes
Turn   | Place    | Note
-------+----------+-------------------------------------------
     0 | D:1      | kuniqs the Vine Stalker Fighter began the quest for the Orb.
     0 | D:1      | Reached XP level 1. HP: 11/11 MP: 2/2
   317 | D:1      | Reached XP level 2. HP: 16/16 MP: 3/3
   651 | D:1      | Reached XP level 3. HP: 12/19 MP: 4/4
  1700 | D:2      | Gained mutation: You have an increased reservoir of magic. (+10% MP) [potion of mutation]
  1700 | D:2      | Gained mutation: You passively map a small area around you. [potion of mutation]
  1846 | D:2      | Found a snail-covered altar of Cheibriados.
  1937 | D:2      | Gained mutation: Your natural rate of healing is unusually fast. [Vine Stalker growth]
  1937 | D:2      | Reached XP level 4. HP: 12/24 MP: 5/5
  2213 | D:2      | Found a glowing silver altar of Zin.
  2295 | D:3      | Noticed Terence
  2375 | D:2      | Slain by Terence

Vault maps used:
D:1:      saegor_arrival_simple_f, minmay_shallow_snake_nest
D:2:      cheibriados_altar_1, zin_scriptorium, minmay_misc_feat_iff
D:3:      nicolae_overflow_crystal_walls, nicolae_dithmenos_shadow_blocks,
          uniq_terence, uniq_sigmund, uniq_jessica

Skill      XL: |  1  2  3 |
---------------+----------+-----
Short Blades   | 2 |  2.4
Shields        | 3 |  3.1
Fighting       | 3 |  3.1
Armour         | |  2.7
Dodging        | |  0.8

Action                   |  1- 3 |  4- 6 || total
-------------------------+-------+-------++-------
Melee: Rapier            |   152 |    16 ||   168
       Bite              |    20 |     1 ||    21
  Use: Potion            |     4 |       ||     4
       Scroll            |     4 |       ||     4
  Eat: Chunk             |     3 |     1 ||     4
Armor: Scale mail        |    62 |       ||    62
Dodge: Dodged            |    49 |     3 ||    52
Block: Shield            |    78 |     6 ||    84
